 Dungeon Crawl Stone Soup version 0.30.0-29-ga12c61a403 (webtiles) character file.

Game seed: 13466069764936288616

51 cheesebisquit the Conjurer (level 3, -5/19 HPs)
             Began as a Tengu Conjurer on June 3, 2023.
             Slain by Terence
             ... wielding a +0 falchion
              (10 damage)
             ... on level 2 of the Dungeon.
             The game lasted 00:02:16 (1378 turns).

cheesebisquit the Conjurer (Tengu Conjurer)         Turns: 1378, Time: 00:02:16

Health: -5/19      AC:  2    Str:  7    XL:     3   Next: 83%
Magic:  3/8        EV: 12    Int: 20    God:
Gold:   84         SH:  0    Dex: 12    Spells: 7/8 levels left

rFire   . . .        i - +1 dagger (elec)
rCold   . . .        (no shield)
rNeg    . . .        a - +0 robe
rPois   .            (helmet restricted)
rElec   .            (no cloak)
rCorr   .            (no gloves)
SInv    .            (boots unavailable)
Will    .....        (no amulet)
Stlth   ++           (no ring)
HPRegen 0.23/turn    (no ring)
MPRegen 0.11/turn

%: no passive effects
@: no status effects
A: beak, talons 3
a: no special abilities


You were on level 2 of the Dungeon.
You visited 1 branch of the dungeon, and saw 2 of its levels.

You collected 84 gold pieces.

Inventory:

Hand Weapons
 i - a +1 dagger of electrocution (weapon)
Missiles
 d - a throwing net
Armour
 a - a +0 robe (worn)
Scrolls
 c - a scroll of vulnerability {unknown}
 e - 3 scrolls of torment {unknown}
 h - a scroll of identify {unknown}
Potions
 b - a potion of magic
 f - a potion of degeneration {unknown}
 g - 2 potions of heal wounds {unknown}


   Skills:
 - Level 2.1 Dodging
 - Level 2.0 Stealth
 + Level 3.0 Spellcasting
 + Level 6.2 Conjurations


You had 7 spell levels left.
You knew the following spells:

 Your Spells              Type           Power      Damage    Failure   Level
a - Magic Dart            Conj           100%       1d8       1%          1

Your spell library contained the following spells:

 Spells                   Type           Power      Damage    Failure   Level
 Searing Ray              Conj           56%        2d6       1%          2
 Dazzling Flash           Conj/Hex       30%        N/A       12%         3
 Fulminant Prism          Conj/Hex       7%         3d7       36%         4
 Iskenderun's Mystic Bla  Conj/Tloc      15%        2d5       36%         4


Dungeon Overview and Level Annotations

Branches:
Dungeon (2/15)

Altars:

Annotations:
D:2 Terence


Innate Abilities, Weirdness & Mutations

You have a beak for a mouth.
You have claws for feet.


Message History

h - a scroll labelled NEPSOI BAFE Search for what [? for help]? dagg You see here a +1 dagger of electrocution.
i - a +1 dagger of electrocution A bat comes into view.
Really attack while wielding nothing? [Y]es or [N]o only, please.
Really attack while wielding nothing? [Y]es or [N]o only, please.
Really attack while wielding nothing?
Okay, then.
The magic dart hits the bat.
The bat is severely wounded.
The bat barely misses you.
The magic dart hits the bat.
You kill the bat!
You hear the crackle of electricity.
i - a +1 dagger of electrocution (weapon)
Magic restored.
You see here a bat corpse.
Terence the Incautious comes into view.
He is wielding a +0 falchion.
The magic dart hits Terence but does no damage.
The magic dart hits Terence but does no damage.
The magic dart hits Terence.
Terence is lightly wounded.
Terence hits you with a +0 falchion!
The magic dart hits Terence.
Terence is moderately wounded.
Terence hits you with a +0 falchion!
* * * LOW HITPOINT WARNING * * *
Okay, then.
You are too injured to fight recklessly!
Aiming: Magic Dart (safe; 1% risk of failure)
Press: ? - help, Q - select action, (/) - cycle Shift-Dir - straight line, f/p - Terence
Aim: Terence, wielding a +0 falchion and wearing a +0 scale mail (moderately wounded, 100% to hit)
The magic dart hits Terence.
Terence is moderately wounded.
Terence hits you with a +0 falchion!
Ouch! That really hurt!
You die...

#.###.....#
#.......#.#
#.###..##.# #.#
#..##.# ###### #.#
#..##.#
.....###.###..##.#
.................#
##.#.#.#......##.#
.........###..##@#
##.#.#.#.# # .##@#
#.#.#.#... ....
#.#.#...... ...#.
##.#.#.#............
.....#............
.#
#......#.###..##.#
## ..............
#.# #..#####.#.#


You could see Terence.

Vanquished Creatures
  A dart slug (D:1)
  3 ball pythons (D:1)
  3 endoplasms (D:1)
  A giant cockroach (D:1)
  2 goblins (D:1)
  9 hobgoblins (D:1)
  9 jackals (D:1)
  4 kobolds (D:1)
  3 quokkas (D:1)
  4 bats
  A frilled lizard (D:1)
40 creatures vanquished.

Notes
Turn   | Place    | Note
-------+----------+-------------------------------------------
     0 | D:1      | cheesebisquit the Tengu Conjurer began the quest for the
                  | Orb.
     0 | D:1      | Reached XP level 1. HP: 10/10 MP: 4/4
    83 | D:1      | Reached XP level 2. HP: 15/15 MP: 0/6
   611 | D:1      | Reached XP level 3. HP: 19/19 MP: 5/7
   634 | D:1      | Reached skill level 6 in Conjurations
  1373 | D:2      | Noticed Terence
  1378 | D:2      | Slain by Terence

Illustrated notes

Levels and vault maps discovered:
D:1:      beargit_arrival_diablo_church, layout_basic, st_stairs_14,
          minmay_tromino_v7
D:2:      layout_basic, shapermc_ecumenical_altar_ellora, uniq_terence

Skill      XL: |  1  2  3 |
---------------+----------+-----
Conjurations   | 6 |  6.2
Spellcasting   | 3 |  3.0
Dodging        | |  2.1
Stealth        | |  2.0

Action                     || total
---------------------------++-------
  Melee: Unarmed           ||     4
         Kick              ||     1
   Cast: Magic Dart        ||    71
 Armour: Robe              ||     1
  Dodge: Dodged            ||     4
